 Dungeon Crawl Stone Soup version 0.28.0-43-g3370ac3207 (webtiles) character file.

Game seed: 17751338774936528057

359 sizableburger the Skirmisher (level 6, -2/51 HPs)
             Began as a Mummy Abyssal Knight on Mar 10, 2022.
             Was a Believer of Lugonu.
             Slain by Menkaure (14 damage)
             ... on level 5 of the Dungeon.
             The game lasted 00:09:44 (5832 turns).

sizableburger the Skirmisher (Mummy Abyssal Knight) Turns: 5832, Time: 00:09:44

Health: -2/51      AC:  9    Str: 19    XL:     6   Next: 37%
Magic:  6/7        EV:  7    Int:  9    God:    Lugonu [**....]
Gold:   182        SH:  0    Dex: 12    Spells: 5/5 levels left

rFire   x . .      SeeInvis .   a - +1 spear
rCold   + . .      Faith    .   (no shield)
rNeg    + + +      Spirit   .   h - +0 chain mail
rPois   ∞          Reflect  .   i - +0 helmet
rElec   .          Harm     .   (no cloak)
rCorr   .          Rampage  .   (no gloves)
Will    .....                   (no boots)
Stlth   ..........              (no amulet)
HPRegen 0.17/turn               (no ring)
MPRegen 0.10/turn               (no ring)

@: no status effects
A: cold resistance 1, negative energy resistance 3, torment resistance 2, heat
vulnerability 1, no potions
a: Renounce Religion, Depart the Abyss, Bend Space


You were on level 5 of the Dungeon.
You worshipped Lugonu.
Lugonu was pleased with you.
You visited 1 branch of the dungeon, and saw 5 of its levels.
You visited the Abyss 1 time.

You collected 182 gold pieces.

Inventory:

Hand Weapons
 a - a +1 spear (weapon)
 g - a +2 dagger of venom
Missiles
 j - 2 poisoned darts
Armour
 h - a +0 chain mail (worn)
 i - a +0 helmet (worn)
Jewellery
 c - an amulet of magic regeneration
Wands
 f - a wand of polymorph (7)
Scrolls
 b - a scroll of immolation
 d - a scroll of enchant armour
 e - a scroll of identify
 k - a scroll of vulnerability


   Skills:
 + Level 5.5 Fighting
 + Level 4.1 Polearms
 - Level 1.5 Armour
 - Level 0.7 Dodging
 - Level 1.5 Invocations


You had 5 spell levels left.
You didn't know any spells.
Your spell library contained the following spells:

 Spells                   Type           Power      Damage    Failure   Level
 Freeze                   Ice            0%         1d3       99%         1
 Frozen Ramparts          Ice            0%         1d2       100%        3
 Hailstorm                Conj/Ice       0%         3d3       100%        4


Dungeon Overview and Level Annotations

Branches:
Dungeon (5/15)
 Temple: D:4-7

Altars:
Elyvilon
Gozag
Nemelex Xobeh
Vehumet
Zin

Annotations:
D:5 2 runed translucent doors, Menkaure; seaofthunder's ghost, novice HOFi


Innate Abilities, Weirdness & Mutations

You are immune to poison.
Your flesh is cold resistant. (rC+)
You are immune to negative energy. (rN+++)
You are immune to unholy pain and torment.
You are vulnerable to heat. (rF-)
You do not drink.


Message History

A quokka comes into view.
The white imp hits you but does no damage.
You completely miss the white imp. You closely miss the white imp.
The white imp hits you. The white imp freezes you. You resist.
You puncture the white imp!
The white imp is almost dead.
The white imp gestures at you. The puff of frost misses you.
Menkaure gestures wildly while chanting.
Menkaure seems to speed up.
You closely miss the white imp.
The white imp is almost dead.
The white imp hits you. The white imp freezes you. You resist.
You puncture the white imp!
You kill the white imp!
Lugonu accepts your kill.
You hit Menkaure.
Menkaure is lightly damaged.
Menkaure hits you!
You puncture Menkaure!
Menkaure is moderately damaged.
Menkaure hits you!!
* * * LOW HITPOINT WARNING * * *
You are too injured to fight recklessly!
Okay, then.
You can't drink.
Space bends around you!
You blink.
The quokka twitches its whiskers.
The quokka closely misses you.
Reach: a) +1 spear
Press: ? - help, Dir - move target, f - Menkaure
Aim: Menkaure (moderately damaged, fast, about 22% to evade your +1 spear)
The quokka is in the way.
You puncture the quokka!
You kill the quokka!
Lugonu accepts your kill.
Unknown command.
Menkaure rustles, "Let me perform the rites..."
Menkaure hits you!
You die...

###### .....# ####.#
#.#
#.################
#......§....M@(..#
#####.###########.#.#
......# .# ####### .#
.# ##.#.####
#.......# #..#.##.#
#..#.##.###


You could see Menkaure (fast).

Vanquished Creatures
  A phantom (D:5)
  2 hounds
  A bullfrog skeleton (D:4)
  2 gnolls
  7 adders
  A river rat (D:3)
  A shadow imp (D:5)
  A white imp (D:5)
  An adder skeleton (D:4)
  4 worms
  3 dart slugs (D:2)
  An orc (D:3)
  3 bats
  6 endoplasms
  9 giant cockroaches
  10 goblins
  6 hobgoblins
  4 kobolds
  5 quokkas
  3 ball pythons
  2 frilled lizards
  4 rats
  A spectral kobold (D:2)
78 creatures vanquished.

Notes
Turn   | Place    | Note
-------+----------+-------------------------------------------
     0 | Abyss:1  | sizableburger the Mummy Abyssal Knight began the quest for
                  | the Orb.
     0 | Abyss:1  | Reached XP level 1. HP: 18/18 MP: 2/2
    66 | Abyss:1  | Noticed a ynoxinul
    67 | D:1      | Escaped the Abyss
   154 | D:1      | Reached XP level 2. HP: 17/24 MP: 3/3
   680 | D:1      | Reached * piety under Lugonu
   915 | D:1      | Reached XP level 3. HP: 23/30 MP: 4/4
  1293 | D:2      | Found a faded altar of an unknown god.
  1583 | D:3      | Found an opulent altar of Gozag.
  1612 | D:3      | Reached skill level 4 in Fighting
  1667 | D:3      | Reached XP level 4. HP: 35/37 MP: 5/5
  1793 | D:3      | Found a radiant altar of Vehumet.
  2034 | D:3      | Noticed Terence
  2492 | D:3      | Noticed Terence
  2492 | D:3      | Terence changed into Terence the river rat
  2501 | D:3      | Killed Terence the river rat
  2554 | D:3      | Found a sparkling altar of Nemelex Xobeh.
  3311 | D:3      | Reached XP level 5. HP: 43/43 MP: 6/6
  3655 | D:4      | Reached ** piety under Lugonu
  3980 | D:4      | Noticed a steam dragon
  4026 | D:5      | Entered Level 5 of the Dungeon
  4037 | D:5      | Reached skill level 5 in Fighting
  4063 | D:5      | Found a runed translucent door.
  4068 | D:5      | Noticed seaofthunder's ghost (novice HOFi)
  4157 | D:5      | Found a runed translucent door.
  4183 | D:5      | Noticed a water moccasin
  4600 | D:4      | Reached XP level 6. HP: 49/51 MP: 7/7
  5818 | D:5      | Noticed Menkaure
  5832 | D:5      | Slain by Menkaure

Illustrated notes

Levels and vault maps discovered:
D:1:      dpeg_arrival_connections, layout_rooms
D:2:      layout_rooms, dreamdust_ecumenical_altar_drowned_temple
D:3:      kb_forest_paths, layout_basic, grunt_temple_overflow_gold_and_silver,
          mainiacjoe_overflow_small_starburst, nemelex_diamond_rough_becter,
          minmay_quantized, uniq_terence
D:4:      layout_loops_ring, minmay_box_of_dots
D:5:      layout_loops_ring, elyvilon_altar_3, ebering_ghost_sewer_f,
          serial_shops, shop_fountains, minmay_small_thing, uniq_menkaure

Skill      XL: |  1  2  3  4  5  6 |
---------------+-------------------+-----
Polearms       | 2 3 4 |  4.1
Fighting       | 4 5 |  5.5
Armour         | |  1.5
Dodging        | |  0.7
Invocations    | |  1.5

Action                   |  1- 3 |  4- 6 || total
-------------------------+-------+-------++-------
Melee: Spear             |   109 |   243 ||   352
       Punch             |       |     4 ||     4
Invok: Depart the Abyss  |     1 |       ||     1
       Bend Space        |       |     2 ||     2
Evoke: Wand              |       |     2 ||     2
  Use: Scroll            |     6 |     5 ||    11
Armor: Leather armour    |     3 |       ||     3
       Ring mail         |    10 |       ||    10
       Scale mail        |     6 |    26 ||    32
       Chain mail        |       |    77 ||    77
Dodge: Dodged            |    34 |    71 ||   105
